 Dungeon Crawl Stone Soup version 0.27-a0-401-gea03ee85fd (webtiles) character file.

Game seed: 8281296300397251833

2 DavidChitty2 the Magician (level 1, -1/13 HPs)
             Began as a Gnoll Hedge Wizard on Feb 21, 2021.
             Slain by a jackal (2 damage)
             ... on level 1 of the Dungeon.
             The game lasted 00:00:21 (44 turns).

DavidChitty2 the Magician (Gnoll Hedge Wizard)        Turns: 44, Time: 00:00:21

Health: -1/13      AC:  2    Str:  9    XL:     1   Next: 30%
Magic:  1/8        EV: 13    Int: 13    God:
Gold:   17         SH:  0    Dex: 11    Spells: 13/14 levels left

rFire    . . .     SeeInvis .   a - +0 dagger
rCold    . . .     Faith    .   (no shield)
rNeg     . . .     Spirit   .   b - +0 robe
rPois    .         Reflect  .   c - +0 hat
rElec    .         Harm     .   (no cloak)
rCorr    .         Rampage  .   (no gloves)
Will     .....                  (no boots)
Stlth    ++........             (no amulet)
HPRegen  0.04/turn              (no ring)
MPRegen  0.11/turn              (no ring)

@: no status effects
A: distributed training, fangs 1, strong nose
a: no special abilities


You were on level 1 of the Dungeon.
You visited 1 branch of the dungeon, and saw 1 of its levels.

You collected 17 gold pieces.

Inventory:

Hand Weapons
 a - a +0 dagger (weapon)
Armour
 b - a +0 robe (worn)
 c - a +0 hat (worn)


   Skills:
 + Level 0.0 Fighting
 + Level 0.0 Short Blades
 + Level 0.0 Long Blades
 + Level 0.0 Axes
 + Level 0.0 Maces & Flails
 + Level 0.0 Polearms
 + Level 0.0 Staves
 + Level 0.0 Slings
 + Level 0.0 Bows
 + Level 0.0 Crossbows
 + Level 0.0 Throwing
 + Level 0.0 Armour
 + Level 4.4 Dodging
 + Level 4.0 Stealth
 + Level 0.0 Shields
 + Level 0.0 Unarmed Combat
 + Level 7.0 Spellcasting
 + Level 1.9 Conjurations
 + Level 0.0 Hexes
 + Level 1.9 Summonings
 + Level 0.0 Necromancy
 + Level 1.9 Translocations
 + Level 0.0 Transmutations
 + Level 0.0 Fire Magic
 + Level 0.0 Ice Magic
 + Level 0.0 Air Magic
 + Level 0.0 Earth Magic
 + Level 0.0 Poison Magic
 + Level 0.1 Invocations
 + Level 0.0 Evocations


You had 13 spell levels left.
You knew the following spells:

 Your Spells              Type           Power        Failure   Level
a - Magic Dart            Conj           36%          7%          1

Your spell library contained the following spells:

 Spells                   Type           Power        Failure   Level
 Blink                    Tloc           N/A          11%         2
 Call Imp                 Summ           9%           11%         2
 Slow                     Hex            4%           22%         2
 Conjure Flame            Conj/Fire      7%           30%         3
 Mephitic Cloud           Conj/Pois/Air  6%           34%         3


Dungeon Overview and Level Annotations

Branches:
Dungeon (1/15)

Altars:


Innate Abilities, Weirdness & Mutations

Your experience applies equally to all skills.
You have very sharp teeth.
Your uncanny sense of smell can sniff out nearby items.


Message History

Found 8 gold pieces.
You now have 9 gold pieces.
You now have 17 gold pieces (gained 8).
A jackal comes into view.
Found a black potion.
A jackal is nearby!
Aim: a jackal (asleep, 0% to evade)
The magic dart hits the jackal but does no damage.
The jackal barks!
A jackal comes into view.
Aim: a jackal (0% to evade)
The magic dart hits the jackal.
The jackal barks!
A jackal comes into view.
Aim: a jackal (moderately wounded, 0% to evade)
The magic dart hits the jackal but does no damage.
The jackal barks!
You hear an angry hiss.
Aim: a jackal (moderately wounded, 0% to evade)
The magic dart hits the jackal but does no damage.
Aim: a jackal (moderately wounded, 0% to evade)
The magic dart hits the jackal.
The jackal bites you.
Aim: a jackal (severely wounded, 0% to evade)
The magic dart hits the jackal.
You kill the jackal!
Aim: a jackal (0% to evade)
The magic dart hits the jackal.
The jackal barely misses you. The jackal bites you.
The jackal barely misses you.
Aim: a jackal (moderately wounded, 0% to evade)
The magic dart hits the jackal but does no damage.
The jackal misses you.
The jackal bites you but does no damage. x2
A frilled lizard comes into view.
You don't have enough magic to cast this spell.
The jackal bites you. The jackal bites you.
* * * LOW HITPOINT WARNING * * *
The jackal bites you.
* * * LOW HITPOINT WARNING * * *
There is an open door here.
The jackal bites you but does no damage.
You barely miss the jackal. The jackal bites you.
* * * LOW HITPOINT WARNING * * *
Aim: a jackal (moderately wounded, 0% to evade)
The magic dart hits the jackal but does no damage.
The jackal bites you but does no damage.
You hit the jackal but do no damage. The jackal closely misses you.
The jackal barely misses you.
You hit the jackal but do no damage. You hit the jackal but do no damage.
The jackal bites you.
You die...

..........#
..........#
..........####
.............#
.............###.#
...#...l.....)...#
#............####
#...##h##....#
#...#.@h#.......
#.###.♣.###..##.#
#.......#.## #
#.♣.<.♣.#..
#.......#..#
###.♣.### #...#
##+##


You could see 2 jackals and a frilled lizard.

Vanquished Creatures
  A jackal (D:1)
  A rat (D:1)
2 creatures vanquished.

Notes
Turn   | Place    | Note
-------+----------+-------------------------------------------
     0 | D:1      | DavidChitty2 the Gnoll Hedge Wizard began the quest for the
                  | Orb.
     0 | D:1      | Reached XP level 1. HP: 13/13 MP: 8/8
    44 | D:1      | Slain by a jackal

Illustrated notes

Levels and vault maps discovered:
D:1:      dpeg_arrival_simpleton_c, layout_basic

Action                   || total
-------------------------++-------
Melee: Dagger            ||     4
 Cast: Magic Dart        ||    10
Armor: Robe              ||     4
Dodge: Dodged            ||     5

Table legend: (Time is in decaauts)
 A = Elapsed time spent in this place.
 B = Non-inter-level travel time spent in this place.
 C = Inter-level travel time spent in this place.
 D = Time resting spent in this place.
 E = Time spent auto-exploring this place.
 F = Levels seen in this place.
 G = Mean time per level.
                   A        B        C        D        E       F      G
               +--------+--------+--------+--------+--------+-----+--------+
         Total |     44 |     44 |      0 |      9 |     12 |   1 |   44.0 |
       Dungeon |     44 |     44 |      0 |      9 |     12 |   1 |   44.0 |
               +--------+--------+--------+--------+--------+-----+--------+

Top non-repeatable levels by time:
     D:1: 44 daAuts
